 Dungeon Crawl Stone Soup version 0.28.0-45-g0d030f2227 (webtiles) character file.

Game seed: 11647170087755564000

8 Rizhan the Grave Robber (level 2, -2/20 HPs)
             Began as a Ghoul Necromancer on Apr 4, 2022.
             Slain by a frilled lizard (3 damage)
             ... on level 1 of the Dungeon.
             The game lasted 00:03:28 (168 turns).

Rizhan the Grave Robber (Ghoul Necromancer)          Turns: 168, Time: 00:03:28

Health: -2/20      AC:  2    Str: 11    XL:     2   Next: 8%
Magic:  2/3        EV: 12    Int: 10    God:
Gold:   19         SH:  0    Dex:  9    Spells: 3/4 levels left

rFire   . . .      SeeInvis .   (no weapon)
rCold   + . .      Faith    .   (no shield)
rNeg    + + +      Spirit   .   a - +0 robe
rPois   ∞          Reflect  .   (no helmet)
rElec   .          Harm     .   (no cloak)
rCorr   .          Rampage  .   (no gloves)
Will    .....                   (no boots)
Stlth   ++........              (no amulet)
HPRegen 0.00/turn               (no ring)
MPRegen 0.08/turn               (no ring)

@: inhibited regen
A: claws 1, cold resistance 1, negative energy resistance 3, inhibited
regeneration, torment resistance 2
a: no special abilities


You were on level 1 of the Dungeon.
You visited 1 branch of the dungeon, and saw 1 of its levels.

You collected 19 gold pieces.

Inventory:

Missiles
 c - 24 stones (quivered)
Armour
 a - a +0 robe (worn)
 b - a +0 cloak
Scrolls
 d - 2 scrolls of enchant weapon


   Skills:
 + Level 1.8 Dodging
 + Level 2.2 Stealth
 + Level 1.8 Spellcasting
 + Level 4.3 Necromancy


You had 3 spell levels left.
You knew the following spells:

 Your Spells              Type           Power      Damage    Failure   Level
a - Pain                  Necr           36%        1d5       5%          1

Your spell library contained the following spells:

 Spells                   Type           Power      Damage    Failure   Level
 Animate Skeleton         Necr           18%        N/A       5%          1
 Vampiric Draining        Necr           9%         2d6       16%         3
 Animate Dead             Necr           4%         N/A       45%         4
 Agony                    Necr           9%         N/A       82%         5


Dungeon Overview and Level Annotations

Branches:
Dungeon (1/15)

Altars:


Innate Abilities, Weirdness & Mutations

You thrive by killing the living.
You are immune to poison.
You have sharp fingernails.
Your flesh is cold resistant. (rC+)
You are immune to negative energy. (rN+++)
You do not regenerate when monsters are visible.
You are immune to unholy pain and torment.


Message History

You scratch the endoplasm but do no damage.
The frilled lizard closely misses you. The jackal bites you.
The endoplasm hits you.
You scratch the endoplasm.
The endoplasm is moderately wounded.
The jackal bites you but does no damage.
The frilled lizard barely misses you. The endoplasm freezes you.
You are frozen.
You resist.
The frilled lizard unfolds its giant frill.
The jackal barely misses you.
You closely miss the jackal.
The frilled lizard bites you but does no damage.
The endoplasm freezes you.
You are frozen.
You resist. The jackal closely misses you.
You scratch the jackal but do no damage.
The jackal misses you. The frilled lizard closely misses you.
The endoplasm freezes you.
You are frozen.
You resist.
* * * LOW HITPOINT WARNING * * *
Your magical contamination has completely faded away.
You scratch the jackal.
You kill the jackal!
You feel better. The frilled lizard closely misses you.
The endoplasm freezes you.
You are frozen.
You resist.
* * * LOW HITPOINT WARNING * * *
You closely miss the frilled lizard.
The frilled lizard bites you but does no damage.
The endoplasm misses you. The frilled lizard bites you.
* * * LOW HITPOINT WARNING * * *
You miss the frilled lizard. The frilled lizard barely misses you.
The endoplasm closely misses you.
The frilled lizard completely misses you.
You miss the frilled lizard. The frilled lizard bites you.
* * * LOW HITPOINT WARNING * * *
The endoplasm completely misses you. The frilled lizard bites you.
* * * LOW HITPOINT WARNING * * *
You miss the frilled lizard. The frilled lizard bites you.
You die...

#..<..#...... ... ..###..
#.....#....≈≈ ....
...##..##'#####......
....##.....#.#.#♣♣.'....§.
...........#.#.#♣.♣#......
.............#.#♣.♣#....§≈
........##.#.#.'.♣♣#.....§
.......g##...#♣#♣♣ #...≈≈≈
.......gl@...#############
....>..glJ##.......# #
.........h.......#########
.......#...###...####.....
#.....##..###..####...##..
..............#####.####.#
#....#....................
#...#..#..##......###.....
...##.....#######..####


You could see an endoplasm, a jackal, a hobgoblin, 2 goblins and 2 frilled
lizards.

Vanquished Creatures
  An endoplasm (D:1)
  A hobgoblin (D:1)
  2 jackals (D:1)
  A quokka (D:1)
  2 rats (D:1)
7 creatures vanquished.

Notes
Turn   | Place    | Note
-------+----------+-------------------------------------------
     0 | D:1      | Rizhan the Ghoul Necromancer began the quest for the Orb.
     0 | D:1      | Reached XP level 1. HP: 14/14 MP: 2/2
   157 | D:1      | Reached XP level 2. HP: 17/20 MP: 3/3
   167 | D:1      | HP: 1/20 [frilled lizard (1)]
   168 | D:1      | Slain by a frilled lizard

Illustrated notes

Levels and vault maps discovered:
D:1:      scummos_arrival_gate, layout_rooms

Action                   || total
-------------------------++-------
Melee: Unarmed           ||    25
 Cast: Pain              ||     2
  Use: Scroll            ||     1
Armor: Robe              ||     8
Dodge: Dodged            ||    31
